 Dungeon Crawl Stone Soup version 0.27.0-1-g7a089689b8 (webtiles) character file.

Game seed: 793022666285550473

935 tilp the Chopper (level 8, -2/60 HPs)
             Began as a Formicid Warper on Aug 3, 2021.
             Was an Initiate of Ru.
             Slain by an orc wizard (9 damage)
             ... on level 9 of the Dungeon.
             The game lasted 00:15:24 (7176 turns).

tilp the Chopper (Formicid Warper)                  Turns: 7176, Time: 00:15:25

Health: -2/60      AC:  8    Str: 18    XL:     8   Next: 33%
Magic:  11/11      EV: 10    Int: 13    God:    Ru [......]
Gold:   191        SH:  0    Dex: 10    Spells: 11/11 levels left

rFire    . . .     SeeInvis +   a - +0 war axe
rCold    . . .     Faith    .   (no shield)
rNeg     . . .     Spirit   .   q - +0 scale mail
rPois    +         Reflect  .   (helmet unavailable)
rElec    .         Harm     .   t - +1 cloak {rPois}
rCorr    .         Rampage  .   (no gloves)
Will     .....                  (no boots)
Stlth    ..........             (no amulet)
HPRegen  0.20/turn              (no ring)
MPRegen  0.12/turn              (no ring)

@: studying Crossbows
A: permanent stasis, dig shafts and tunnels, antennae 3, four strong arms
a: Dig, Shaft Self, Renounce Religion


You were on level 9 of the Dungeon.
You worshipped Ru.
Ru was noncommittal.
You visited 2 branches of the dungeon, and saw 8 of its levels.

You collected 191 gold pieces.

Inventory:

Hand Weapons
 a - a +0 war axe (weapon)
 b - a +1 dagger of venom
 h - a +6 dagger of speed
 i - a +0 hand axe
Missiles
 c - 5 boomerangs of dispersal
 d - 4 curare-tipped darts
 n - 16 poisoned darts (quivered)
Armour
 q - a +0 scale mail (worn)
 t - a +1 cloak of poison resistance (worn)
Jewellery
 k - a ring of magical power
Wands
 f - a wand of paralysis (5)
 m - a wand of flame (14)
Potions
 e - 2 potions of brilliance
 g - a potion of mutation
 j - a potion of heal wounds
 l - a potion of curing
 o - a potion of cancellation {unknown}


   Skills:
 - Level 4.0 Fighting
 + Level 7.7 Axes
 - Level 1.0 Throwing
 - Level 1.1 Armour
 - Level 2.0 Dodging
 - Level 2.1 Spellcasting
 - Level 2.6 Translocations
 - Level 4.0 Evocations


You had 11 spell levels left.
You didn't know any spells.
Your spell library contained the following spells:

 Spells                   Type           Power      Damage    Failure   Level
 Gell's Gravitas          Tloc           4%         N/A       63%         3
 Lesser Beckoning         Tloc           4%         N/A       63%         3
 Teleport Other           Tloc           8%         N/A       63%         3
 Manifold Assault         Tloc           8%         N/A       100%        5
 Malign Gateway           Summ/Tloc      2%         N/A       100%        7
 Summon Horrible Things   Summ           0%         N/A       100%        8
 Blink                    Tloc           Unusable   N/A       N/A         2

Dungeon Overview and Level Annotations

Branches:
Dungeon (6/15)             Temple (1/1) D:4

Altars:
Ashenzari
Fedhas
Gozag
Hepliaklqana
Kikubaaqudgha
Qazlal
Ru
Sif Muna
Trog
Uskayaw
Vehumet
Wu Jian
Xom
Yredelemnul
The Shining One

Shops:
D:9 :

Portals:
Abyss: D:3

Annotations:
D:3 2 transporters, coffeespoons's ghost, amateur OpCj
D:4 2 runed translucent doors


Innate Abilities, Weirdness & Mutations

You cannot be hasted, slowed, berserked, paralysed or teleported.
You can dig through walls and to a lower floor.
You have a pair of large antennae on your head. (SInv)
Your four strong arms can wield two-handed weapons with a shield.


Message History

The orc is heavily wounded.
You kill the orc!
You start resting.
Your transformation is almost over.
You start resting.
You feel less wooden.
Your +1 cloak of poison resistance unmelds from your body.
Your +0 scale mail unmelds from your body.
You feel resistant to poison.
Your +1 dagger of venom stops dripping with poison.
Your hands tingle!
a - a +6 dagger of speed (weapon)
Items here: )) [ ††.
h - a +0 war axe Adjust to which letter? (? for menu, Esc to quit)
a - a +0 war axe;
h - a +6 dagger of speed (weapon)
a - a +0 war axe (weapon)
You start resting.
An orc wizard comes into view.
It is wielding a +2 dagger of electrocution.
The orc wizard shouts!
You hear a bellow! x2
Items here: ) [ ††.
Found 9 gold pieces.
Found a broken altar of Ashenzari.
You closely miss the orc wizard.
The orc wizard hits you but does no damage.
You slash the orc wizard!
The orc wizard is severely wounded.
The orc wizard hits you but does no damage.
You are electrocuted!
* * * LOW HITPOINT WARNING * * *
You barely miss the orc wizard.
The orc wizard is severely wounded.
The orc wizard hits you with a +2 dagger of electrocution.
* * * LOW HITPOINT WARNING * * *
You hit the orc wizard.
The orc wizard is severely wounded.
The orc wizard hits you with a +2 dagger of electrocution.
* * * LOW HITPOINT WARNING * * *
You are electrocuted!
You die...

...## ..... .....#
##.... _#..$.
#+#....#####
####.#####.@..#
#.........o##.#
####.#.....##)##.##
#......$#..##.)...#
#.##.####..#####..#
.....#.####..#####..#
###..#.o............#
.o.##########...#..
...# ∩{#


You could see an orc wizard.

Vanquished Creatures
  An orc warrior (D:9)
  2 necrophages
  2 scorpions
  A bullfrog zombie (D:6)
  A centaur zombie (D:5)
  A crimson imp (D:3)
  A hound (D:2)
  A jelly (D:6)
  A centaur skeleton (D:4)
  An orc priest (D:3)
  3 iguanas
  A hound zombie (D:4)
  Robin (D:2)
  9 gnolls
  3 adders
  A shadow imp (D:6)
  A worm (D:3)
  2 dart slugs (D:3)
  6 orcs
  5 endoplasms
  2 giant cockroaches (D:3)
  11 goblins
  8 hobgoblins
  12 jackals
  4 quokkas
  2 ball pythons (D:3)
  6 bats
  2 frilled lizards
  4 goblin skeletons (D:3)
  2 goblin zombies (D:3)
  A hobgoblin zombie (D:3)
  7 kobolds
  An orc skeleton (D:3)
  2 orc zombies (D:3)
  5 rats
113 creatures vanquished.

Notes
Turn   | Place    | Note
-------+----------+-------------------------------------------
     0 | D:1      | tilp the Formicid Warper began the quest for the Orb.
     0 | D:1      | Reached XP level 1. HP: 16/16 MP: 3/3
    49 | D:1      | You fall into a shaft and drop 1 floor!
   305 | D:2      | Noticed a hound
   310 | D:2      | You fall into a shaft and drop 2 floors!
   490 | D:3      | Reached XP level 2. HP: 21/22 MP: 5/5
   576 | D:3      | Found a one-way gate to the infinite horrors of the Abyss.
   576 | D:3      | Noticed coffeespoons's ghost (amateur OpCj)
   579 | D:3      | Noticed a quasit
   589 | D:3      | Noticed a kobold brigand
   604 | D:3      | Reached skill level 3 in Axes
   814 | D:2      | Reached XP level 3. HP: 21/27 MP: 6/6
   903 | D:2      | Noticed Robin
   950 | D:2      | Killed Robin
  1414 | D:1      | Reached skill level 4 in Axes
  1414 | D:1      | Reached XP level 4. HP: 33/33 MP: 7/7
  2225 | D:1      | Found a faded altar of an unknown god.
  3055 | D:2      | Reached XP level 5. HP: 39/39 MP: 8/8
  3667 | D:3      | Found a transporter.
  3684 | D:3      | Found a transporter.
  3837 | D:3      | Found a glowing golden altar of the Shining One.
  3925 | D:3      | Reached skill level 5 in Axes
  3931 | D:3      | Reached XP level 6. HP: 28/47 MP: 9/9
  4783 | D:4      | Noticed a necrophage
  5103 | D:4      | Killed a necrophage
  5104 | D:4      | Reached skill level 6 in Axes
  5104 | D:4      | Reached skill level 1 in Evocations
  5104 | D:4      | Reached XP level 7. HP: 36/54 MP: 10/10
  5290 | D:4      | Found a staircase to the Ecumenical Temple.
  5298 | Temple   | Entered the Ecumenical Temple
  5759 | D:4      | Found a sacrificial altar of Ru.
  5784 | D:4      | Became a worshipper of Ru the Awakened
  5872 | D:4      | HP: 1/54 [gnoll (9)]
  6307 | D:4      | Found a large runed translucent door.
  6308 | D:4      | Found a large runed translucent door.
  6516 | D:5      | Entered Level 5 of the Dungeon
  6614 | D:5      | Noticed a water moccasin
  6620 | D:5      | You fall into a shaft and drop 1 floor!
  6858 | D:6      | Reached XP level 8. HP: 43/60 MP: 11/11
  7073 | D:6      | Reached skill level 7 in Axes
  7104 | D:6      | You fall into a shaft and drop 3 floors!
  7115 | D:9      | Found Vefuy's Book Shoppe.
  7170 | D:9      | Found a broken altar of Ashenzari.
  7176 | D:9      | Slain by an orc wizard

Illustrated notes

Levels and vault maps discovered:
D:1:      giann_wishing_wells, layout_basic,
          shapermc_ecumenical_altar_mp_urbaneastern, minivault_4,
          item_on_display_a
D:2:      layout_basic, minmay_increasing_density, uniq_robin
D:3:      layout_basic, nicolae_tso_besieged_by_evil,
          gammafunk_ghost_abyssal_escape, minmay_door_square,
          minmay_tree_intersection
D:4:      layout_rooms, jmf_multi_god_temple2, mainiacjoe_overflow_24_doors,
          minmay_temple_entry_junction, minmay_manual_mail
D:5:      wander_river, layout_layer_cave, lemuel_crystal_altar,
          water_boxes_lemuel, uniq_sigmund, uniq_prince_ribbit1
D:6:      minmay_recursive_quarters, layout_gridville, minmay_microvault
D:9:      layout_loops_cross, ashenzari_conservatory_becter, serial_shops, shop,
          grunt_ministairs_2
Temple:   nicolae_temple_hex_pool

Skill      XL: |  1  2  3  4  5  6  7  8 |
---------------+-------------------------+-----
Axes           | 3 4 5 6 7 |  7.7
Dodging        | 2 |  2.0
Fighting       | 3 4 |  4.0
Evocations     | 1 4 |  4.0
Throwing       | |  1.0
Armour         | |  1.1
Spellcasting   | |  2.1
Translocations | |  2.6

Action                   |  1- 3 |  4- 6 |  7- 9 || total
-------------------------+-------+-------+-------++-------
Melee: Hand axe          |    25 |       |    63 ||    88
       Dagger            |    66 |   199 |    83 ||   348
       War axe           |       |       |     4 ||     4
Throw: Dart              |       |    24 |    34 ||    58
 Abil: Shaft Self        |     1 |       |     2 ||     3
       Dig               |       |     1 |       ||     1
Evoke: Wand              |       |       |     1 ||     1
  Use: Scroll            |       |     8 |     4 ||    12
       Potion            |       |       |     5 ||     5
 Stab: Paralysed         |       |       |     5 ||     5
Armor: Leather armour    |    12 |       |       ||    12
       Ring mail         |       |    36 |     7 ||    43
       Scale mail        |       |       |    48 ||    48
       Skin              |       |       |    16 ||    16
Dodge: Dodged            |    43 |    82 |    59 ||   184
